 Dungeon Crawl Stone Soup version 0.25.1-2-g60ff931df9 (webtiles) character file.

Game seed: 17674519672264854276

2735 Kaiern the Thaumaturge (level 9, -2/51 HPs)
             Began as a Deep Elf Conjurer on Sept 6, 2020.
             Was a Follower of Dithmenos.
             Slain by a troll (7 damage)
             ... on level 8 of the Dungeon.
             The game lasted 00:51:15 (12426 turns).

Kaiern the Thaumaturge (Deep Elf Conjurer)         Turns: 12426, Time: 00:51:16

Health: -2/51      AC:  5    Str:  9 (11) XL:     9   Next: 40%
Magic:  17/24      EV: 13    Int: 21 (24) God:    Dithmenos [*.....]
Gold:   80         SH:  9    Dex: 12 (15) Spells: 13/27 levels left

rFire    . . .     SeeInvis .   r - +1 dagger (protect)
rCold    . . .     Gourm    .   g - +0 buckler
rNeg     . . .     Faith    .   q - +0 leather armour
rPois    .         Spirit   .   h - +0 hat
rElec    .         Reflect  +   (no cloak)
rCorr    .         Harm     .   o - +1 pair of gloves
MR       .....                  (no boots)
Stlth    +++.......             b - amulet of reflection
HPRegen  0.17/turn              n - +6 ring of strength
MPRegen  0.19/turn              (no ring)

@: wreathed by umbra
A: no striking features
a: Renounce Religion


You were on level 8 of the Dungeon.
You worshipped Dithmenos.
Dithmenos was aware of your devotion.
You were hungry.

You visited 2 branches of the dungeon, and saw 10 of its levels.

You collected 80 gold pieces.

Inventory:

Hand Weapons
 r - a +1 dagger of protection (weapon)
Armour
 g - a +0 buckler (worn)
 h - a +0 hat (worn)
 o - a +1 pair of gloves (worn)
 q - a +0 leather armour (worn)
Jewellery
 b - an amulet of reflection (around neck)
 m - an uncursed amulet of magic regeneration {unknown}
 n - a +6 ring of strength (left hand)
Wands
 a - a wand of random effects (14)
 u - a wand of iceblast (9)
Scrolls
 d - 2 scrolls of remove curse
 e - 2 scrolls of teleportation
 f - 4 scrolls of blinking
 v - a scroll of random uselessness {unknown}
Potions
 i - 3 potions of degeneration
 j - 4 potions of flight
 k - a potion of curing
 l - a potion of haste {unknown}
 p - a potion of stabbing {unknown}
 s - a potion of berserk rage {unknown}
 t - a potion of magic {unknown}
Comestibles
 c - 4 rations


   Skills:
 + Level 3.3 Fighting
 - Level 2.0 Armour
 + Level 4.2 Dodging
 - Level 6.0 Stealth
 - Level 2.0 Shields
 + Level 9.9 Spellcasting
 + Level 7.2 Conjurations
 - Level 6.0 Hexes
 + Level 2.0 Translocations


You had 13 spell levels left.
You knew the following spells:

 Your Spells              Type           Power        Failure   Level  Hunger
a - Magic Dart            Conj           ####         1%          1    None
b - Searing Ray           Conj           #####.       1%          2    None
c - Dazzling Flash        Conj/Hex       #####.       2%          3    None
d - Fulminant Prism       Conj/Hex       #####.....   8%          4    ##.....
e - Iskenderun's Mystic   Conj/Tloc      ####....     17%         4    ##.....

Your spell library contained the following spells:

 Spells                   Type           Power        Failure   Level  Hunger


Dungeon Overview and Level Annotations

Branches:
Dungeon (9/15)             Temple (1/1) D:7
   Lair: D:8-11         Orc: D:9-12

Altars:
Ashenzari
Cheibriados
Dithmenos
Elyvilon
Fedhas
Gozag
Hepliaklqana
Kikubaaqudgha
Nemelex Xobeh
Okawaru
Ru
Sif Muna
Trog
Uskayaw
Vehumet
Wu Jian
Xom
Yredelemnul
Zin
The Shining One

Annotations:
D:2 exclusion: 3 doors
D:4 1 runed translucent door, exclusion: door, Crazy Yiuf
D:8 Maurice
D:9 Harold


Message History

Casting: Searing Ray (safe; 1% risk of failure)
Confirm with . or Enter, or press ? or * to list all spells.
Aiming: Searing Ray (safe; 1% risk of failure)
Press: ? - help, Shift-Dir - straight line, f - troll
Aim: a troll (wandering, hasn't noticed you, umbra)
The searing ray hits the troll!
The troll is moderately wounded. (Press . to maintain the ray.)
The troll misses you.
The troll claws you but does no damage. x2
The searing ray hits the troll!
The troll is heavily wounded.
The troll bites you.
* * * LOW HITPOINT WARNING * * *
You block the troll's attack. x2
The searing ray hits the troll!
The troll is almost dead.
You block the troll's attack. The troll claws you.
* * * LOW HITPOINT WARNING * * *
The troll claws you!
You die...

######.# #.## #.# #.#
....##.# #.# ##.###.#
###.##.# #.# #......# #.##.#
##.####..##### ###.##.#
#######.........# ....##.#
#).........##...# ######.#
##.#####..#.##...#
#.######..............#(#
#.....>....@..#.##.##...#
########..T...#.##.##.#.#
#######...#..#.##.#....####
#.......#....#.............
#.#####........(........###
##.## #.###..####......##
#...####.# #.............#
#.#...##.###..####.#..##.###
#.[.#.###[..##.....#.###....


You could see a troll.

Vanquished Creatures
  A hippogriff (D:8)
  Duvessa (D:3)
  An orc warrior (D:7)
  2 phantoms
  A black bear (D:7)
  5 ogres
  A centaur (D:9)
  3 bullfrogs
  Dowan (D:4)
  3 killer bees (D:8)
  2 howler monkeys (D:6)
  2 crimson imps
  5 jellies
  A bullfrog skeleton (D:6)
  2 orc priests (D:4)
  3 hounds
  6 orc wizards
  Ijyb (D:5)
  2 iguanas
  7 worker ants
  A killer bee zombie (D:8)
  A hound zombie (D:7)
  A howler monkey zombie (D:7)
  9 adders
  2 shadow imps
  5 oozes (D:2)
  An adder skeleton (D:5)
  2 adder zombies
  2 worms
  A dart slug (D:1)
  5 leopard geckos
  25 orcs
  12 bats
  5 giant cockroaches
  6 hobgoblins
  5 jackals
  12 kobolds
  3 quokkas
  2 ball pythons
  9 frilled lizards
  5 goblins
  A quokka zombie (D:6)
  8 rats
173 creatures vanquished.

Vanquished Creatures (others)
  An iguana (D:3)
  3 orcs (D:3)
  A kobold (D:3)
  11 fulminant prisms
  4 fungi (D:2)
  6 toadstools (D:2)
26 creatures vanquished.

Grand Total: 199 creatures vanquished

Notes
Turn   | Place    | Note
-------+----------+-------------------------------------------
     0 | D:1      | Kaiern the Deep Elf Conjurer began the quest for the Orb.
     0 | D:1      | Reached XP level 1. HP: 10/10 MP: 6/6
   526 | D:1      | Reached XP level 2. HP: 15/15 MP: 5/8
  1604 | D:2      | Learned a level 2 spell: Searing Ray
  1621 | D:2      | Reached skill level 4 in Spellcasting
  1628 | D:2      | Reached skill level 5 in Conjurations
  1628 | D:2      | Reached XP level 3. HP: 17/19 MP: 3/10
  1767 | D:2      | Reached XP level 4. HP: 24/24 MP: 8/12
  1831 | D:2      | Reached skill level 5 in Spellcasting
  2428 | D:2      | Reached XP level 5. HP: 28/28 MP: 12/14
  2674 | D:3      | Learned a level 3 spell: Dazzling Flash
  2845 | D:3      | Found a radiant altar of Vehumet.
  3217 | D:3      | Found a white marble altar of Elyvilon.
  3228 | D:3      | Reached skill level 1 in Hexes
  4195 | D:4      | Noticed Duvessa
  4196 | D:4      | Noticed Dowan
  4213 | D:4      | Reached skill level 1 in Armour
  4450 | D:4      | Reached XP level 6. HP: 32/32 MP: 8/16
  4658 | D:4      | Reached skill level 6 in Spellcasting
  4798 | D:4      | Found a hide-covered altar of Uskayaw.
  5312 | D:4      | Killed Dowan
  5394 | D:3      | Killed Duvessa
  5394 | D:3      | Reached XP level 7. HP: 14/36 MP: 0/18
  5710 | D:4      | Found a runed translucent door.
  5711 | D:4      | Noticed Crazy Yiuf
  6365 | D:5      | Entered Level 5 of the Dungeon
  6378 | D:5      | Learned a level 4 spell: Fulminant Prism
  6532 | D:5      | Noticed Ijyb
  6539 | D:5      | Killed Ijyb
  6768 | D:5      | Reached skill level 1 in Shields
  6882 | D:5      | Reached skill level 7 in Spellcasting
  7571 | D:5      | Found a sparkling altar of Nemelex Xobeh.
  8045 | D:6      | Reached XP level 8. HP: 41/41 MP: 19/21
  8218 | D:6      | Reached skill level 5 in Hexes
  8250 | D:6      | Reached skill level 8 in Spellcasting
  8462 | D:6      | Found a shadowy altar of Dithmenos.
  8472 | D:6      | Became a worshipper of Dithmenos the Shadowed
  8835 | D:6      | Found a sacrificial altar of Ru.
  9525 | D:7      | Reached skill level 1 in Fighting
  9683 | D:7      | Learned a level 4 spell: Iskenderun's Mystic Blast
  9843 | D:7      | Reached skill level 9 in Spellcasting
 10078 | D:7      | Reached skill level 5 in Stealth
 10078 | D:7      | Reached XP level 9. HP: 49/49 MP: 11/24
 10116 | D:7      | Reached * piety under Dithmenos
 10218 | D:7      | Found a staircase to the Ecumenical Temple.
 10237 | Temple   | Entered the Ecumenical Temple
 10634 | D:7      | Noticed a moth of wrath
 10641 | D:7      | Found a bloodstained altar of Trog.
 11038 | D:8      | Noticed Maurice
 11485 | D:8      | Reached skill level 1 in Translocations
 11695 | D:8      | Got an encrusted short sword
 11696 | D:8      | Identified the +3 short sword of the Boiling Point {pain,
                  | Str+10 Stlth-} (You found it on level 8 of the Dungeon)
 11745 | D:8      | Got a thick robe
 11756 | D:8      | Identified the +2 robe of the Guild-Master {Harm rElec rF++
                  | MR-} (You found it on level 8 of the Dungeon)
 12025 | D:9      | Noticed Harold
 12134 | D:9      | Noticed a troll
 12426 | D:8      | Slain by a troll

Illustrated notes

Levels and vault maps discovered:
D:1:      elethiomel_arrival_quiet, layout_basic
D:2:      cheibrodos_fertilizer, layout_basic
D:3:      layout_basic, fiery_altar_vehumet, elyvilon_altar_3
D:4:      layout_cave_pods, lemuel_doored_altar, chequers_serial_rivers_micro_d,
          minmay_misc_feat_columns, uniq_crazy_yiuf_cottage, uniq_duvessa
D:5:      layout_basic, first_ration, nemelex_altar_shiori, uniq_ijyb
D:6:      layout_basic, nicolae_ru_great_annihilating_truth,
          grunt_dithmenos_smoke_and_mirrors
D:7:      layout_basic, tgw_trog, minmay_temple_entry_sparse_star
D:8:      layout_loops_ring, uniq_maurice
D:9:      layout_roguey, nicolae_qazlal_general_emergency,
          makhleb_altar_promises_db, ebering_ghost_funeral_grove, uniq_harold,
          uniq_psyche
Temple:   regret_index_temple_waves

Skill      XL: |  1  2  3  4  5  6  7  8  9 |
---------------+----------------------------+-----
Spellcasting   | 4 5 6 7 9 |  9.9
Conjurations   | 5 6 7 |  7.2
Hexes          | 1 3 4 6 |  6.0
Armour         | 1 2 |  2.0
Shields        | 2 |  2.0
Dodging        | 3 4 |  4.2
Stealth        | 5 6 |  6.0
Fighting       | 2 3 |  3.3
Translocations | 2 |  2.0

Action                   |  1- 3 |  4- 6 |  7- 9 || total
-------------------------+-------+-------+-------++-------
Melee: Dagger            |       |     1 |     6 ||     7
 Cast: Magic Dart        |    41 |   133 |   149 ||   323
       Searing Ray       |     2 |    36 |    98 ||   136
       Dazzling Flash    |       |       |     4 ||     4
       Fulminant Prism   |       |       |    12 ||    12
  Use: Scroll            |       |     4 |     4 ||     8
       Potion            |       |       |     2 ||     2
  Eat: Chunk             |     2 |     3 |     2 ||     7
       Ration            |       |     3 |     5 ||     8
Armor: Robe              |     1 |     2 |       ||     3
       Leather armour    |       |       |    11 ||    11
Dodge: Dodged            |    10 |    21 |    49 ||    80
Block: Other             |     4 |     9 |       ||    13
       Reflection        |     1 |     1 |     3 ||     5
       Buckler           |       |       |    45 ||    45
